 Dungeon Crawl Stone Soup version 0.25.1-2-g60ff931df9 (console) character file.

Game seed: 1680035856048598116

45256 Leslie the Severer (level 14, -1/202 HPs)
             Began as a Minotaur Berserker on Aug 5, 2020.
             Was a High Priest of Trog.
             Slain by Agnes
             ... wielding a +2 antimagic lajatang
              (15 damage)
             ... on level 14 of the Dungeon on Aug 7, 2020.
             The game lasted 01:43:13 (20221 turns).

Leslie the Severer (Minotaur Berserker)            Turns: 20221, Time: 01:43:14

Health: -1/202     AC: 19    Str: 25    XL:     14   Next: 0%
Magic:  0/4        EV: 14    Int:  4    God:    Trog [*****.]
Gold:   1138       SH:  0    Dex: 19    Spells: 13/13 levels left

rFire    . . .     SeeInvis .   M - +11 battleaxe {antimagic, Dex+7}
rCold    + . .     Gourm    .   (shield currently unavailable)
rNeg     . . .     Faith    .   N - +2 chain mail {rPois}
rPois    +         Spirit   .   (helmet restricted)
rElec    .         Reflect  .   k - scarf {repulsion}
rCorr    .         Harm     .   r - +2 pair of gloves
MR       +....                  (no boots)
Stlth    ..........             (no amulet)
HPRegen  0.43/turn              F - ring of protection from cold
MPRegen  0.09/turn              (no ring)

@: berserking, repel missiles, very quick
A: retaliatory headbutt, horns 2
a: Berserk, Trog's Hand, Brothers in Arms, Renounce Religion


You were on level 14 of the Dungeon.
You worshipped Trog.
Trog was extremely pleased with you.
You were not hungry.

You visited 1 branch of the dungeon, and saw 14 of its levels.
You also visited: Ossuary and Ice Cave.

You collected 1138 gold pieces.

Inventory:

Hand Weapons
 A - the +4 battleaxe of Forgiveness {vorpal, rF+ Dex+2}
   (Trog gifted it to you on level 14 of the Dungeon)

   It inflicts extra damage upon your enemies.
   It affects your dexterity (+2).
   It protects you from fire.
 B - a +0 war axe
 G - the +9 war axe of the Special Shrikes {freeze, *Corrode rN+ Dex+3 Stlth+}
   (You found it on level 6 of the Dungeon)

   It has been specially enchanted to freeze those struck by it, causing extra
   injury to most foes and up to half again as much damage against particularly
   susceptible opponents.
   It can also slow down cold-blooded creatures.
   It affects your dexterity (+3).
   It protects you from negative energy.
   It may corrode you when you take damage.
   It makes you more stealthy.
 K - a +0 falchion of flaming
 M - the +11 battleaxe of Buemejev (weapon) {antimagic, Dex+7}
   (Trog gifted it to you on level 9 of the Dungeon)

   It reduces the magical energy of the wielder, and disrupts the spells and
   magical abilities of those hit.
   Natural abilities and divine invocations are not affected.
   It affects your dexterity (+7).
 T - a +1 battleaxe of freezing
Missiles
 U - 29 poisoned darts (quivered)
Armour
 d - a scarf of resistance
 k - a scarf of repulsion (worn)
 r - a +2 pair of gloves (worn)
 y - a +1 cloak
 L - a +0 kite shield
 N - a +2 chain mail of poison resistance (worn)
 P - a +0 plate armour
Jewellery
 F - a ring of protection from cold (left hand)
Wands
 u - a wand of paralysis (3)
 D - a wand of enslavement (9)
 H - a wand of iceblast (6)
 I - a wand of clouds (10)
 O - a wand of acid (9)
 Q - a wand of disintegration (21)
Scrolls
 a - 2 scrolls of enchant armour
 f - 17 scrolls of teleportation
 g - 5 scrolls of fog
 h - 2 scrolls of enchant weapon
 i - 6 scrolls of magic mapping
 j - 4 scrolls of immolation
 l - 8 scrolls of remove curse
 m - 4 scrolls of amnesia
 v - 3 scrolls of identify
 E - a scroll of fear
Potions
 b - a potion of invisibility {unknown}
 e - 2 potions of cancellation {unknown}
 n - a potion of experience {unknown}
 o - 3 potions of resistance
 p - 7 potions of curing
 q - 3 potions of mutation
 s - 2 potions of haste {unknown}
 t - a potion of heal wounds
 w - 2 potions of ambrosia {unknown}
 x - 2 potions of stabbing {unknown}
 z - 5 potions of degeneration {unknown}
 C - 5 potions of might
 J - 2 potions of brilliance {unknown}
 R - 4 potions of flight {unknown}
Comestibles
 c - 26 rations


   Skills:
 - Level 15.0 Fighting
 + Level 17.3 Axes
 - Level 15.0 Armour
 + Level 7.8 Dodging


You had 13 spell levels left.
You didn't know any spells.
Your spell library was empty.

Dungeon Overview and Level Annotations

Branches:
Dungeon (14/15)            Temple (0/1) D:5            Lair (0/6) D:11
    Orc (0/2) D:9          Vaults (0/5) D:14        Ossuary (visited)
  IceCv (visited)

Altars:
Ashenzari
Cheibriados
Makhleb
Nemelex Xobeh
Qazlal
Sif Muna
Uskayaw
Vehumet
The Shining One

Shops:
D:10 [

Annotations:
D:8 exclusion: statue
D:14 Agnes


Innate Abilities, Weirdness & Mutations

You reflexively headbutt those who attack you in melee.
You have a pair of horns on your head.


Message History

Agnes hits you with a +2 antimagic lajatang!!!
* * * LOW HITPOINT WARNING * * *
You closely miss Agnes. Your headbutt misses Agnes.
Agnes is severely wounded.
Agnes hits you with a +2 antimagic lajatang!!
* * * LOW HITPOINT WARNING * * *
Agnes completely misses you.
You open Agnes like a pillowcase!!!
Agnes is almost dead.
You hit the worker ant. Agnes completely misses you.
The worker ant barely misses you. You furiously retaliate!
You headbutt the worker ant!
You feel the power of Trog in you as your rage grows.
You kill the worker ant!
Trog accepts your kill.
You miss Agnes. Your headbutt misses Agnes.
Agnes is almost dead.
Agnes hits you but does no damage.
Agnes hits you with a +2 antimagic lajatang!
You die...

###### ..... ...
####.#################
#...i@..........#.....
.......#########.#..####
....... #.###.####
....... #.## ##....
.##..#. ######.###.....
##.#. #.......#......
.... #......#.##.#..
##.## #...((.# ##.##.
#.# #......# #.....


You could see Agnes (berserk).

Vanquished Creatures
  Jorgrun (D:13)
  A frost giant (IceCv)
  Snorg (D:10)
  Erolcha (D:12)
  An ogre mage (D:12)
  A hydra (D:8)
  2 centaur warriors (D:14)
  2 dancing weapons (D:14)
  5 two-headed ogres
  A tengu warrior (D:12)
  Urug (D:10)
  5 skeletal warriors (D:14)
  An unseen horror (D:14)
  Pikel (D:5)
  A manticore (D:13)
  7 ugly things
  2 cyclopes (D:13)
  An ice statue (IceCv)
  A centaur zombie (D:13)
  2 rime drakes (D:12)
  2 kobold demonologists
  A tengu conjurer (D:14)
  4 trolls
  13 polar bears (IceCv)
  2 hornets
  6 meliai (D:13)
  A hippogriff (shapeshifter) (D:13)
  4 hippogriffs
  4 slime creatures (D:13)
  2 dream sheep (D:8)
  2 wraiths
  3 wyverns
  3 shadows
  The ghost of Jujuru the Cudgeler, an amateur MiFi (D:4)
  14 yaks
  A hungry ghost (D:8)
  5 vampire mosquitoes (D:14)
  A harpy simulacrum (D:13)
  An acid dragon (D:14)
  3 water moccasins
  2 porcupines (D:11)
  6 orc warriors
  2 slaves (D:5)
  3 black bears
  5 phantoms
  6 ice beasts
  4 sky beasts
  6 ogres
  14 wolves (IceCv)
  A crocodile (D:5)
  10 centaurs
  4 big kobolds
  12 bullfrogs
  2 wyvern skeletons
  4 scorpions
  10 killer bees
  13 wights
  3 howler monkeys
  9 crimson imps
  10 orc priests
  4 jellies
  Crazy Yiuf (D:4)
  A centaur skeleton (D:9)
  12 hounds
  A bullfrog skeleton (D:6)
  7 iguanas
  9 orc wizards
  12 worker ants
  A killer bee zombie (D:5)
  2 hound zombies
  2 hound skeletons
  3 mummies (Ossuary)
  A worker ant zombie (D:10)
  A howler monkey skeleton (D:4)
  9 adders
  2 shadow imps
  4 oozes
  3 adder skeletons
  A worm (D:3)
  2 dart slugs
  8 leopard geckos
  50 orcs
  A ball python (D:1)
  2 bats
  8 giant cockroaches
  A gnoll zombie (Ossuary)
  8 goblins
  2 hobgoblins
  6 jackals
  4 quokkas
  7 frilled lizards
  5 goblin zombies (Ossuary)
  3 hobgoblin zombies (Ossuary)
  13 kobolds
  2 kobold zombies (Ossuary)
  An orc zombie (Ossuary)
  3 rats
  3 fungi (D:11)
  2 plants (D:11)
444 creatures vanquished.

Vanquished Creatures (collateral kills)
  A centaur warrior (D:14)
  A tengu warrior (D:14)
  A wraith (D:14)
  A vampire mosquito (D:14)
  4 orc warriors (D:9)
  A centaur (D:14)
  3 orc wizards (D:9)
  2 orcs (D:9)
14 creatures vanquished.

Vanquished Creatures (others)
  A shadow (D:14)
  3 fungi (D:11)
  A plant (D:11)
5 creatures vanquished.

Grand Total: 463 creatures vanquished

Notes
Turn   | Place    | Note
-------+----------+-------------------------------------------
     0 | D:1      | Leslie the Minotaur Berserker began the quest for the Orb.
     0 | D:1      | Reached XP level 1. HP: 19/19 MP: 0/0
   440 | D:1      | Reached XP level 2. HP: 27/27 MP: 1/1
   839 | D:1      | Reached skill level 4 in Axes
  1212 | D:2      | Reached XP level 3. HP: 31/33 MP: 2/2
  1402 | D:2      | Found a shattered altar of Ashenzari.
  1844 | D:3      | Noticed a sky beast
  1855 | D:3      | Killed a sky beast
  1855 | D:3      | Reached XP level 4. HP: 6/41 MP: 3/3
  1912 | D:3      | Reached ** piety under Trog
  2157 | D:3      | Reached XP level 5. HP: 47/47 MP: 4/4
  2313 | D:3      | Reached skill level 5 in Fighting
  2313 | D:3      | Reached skill level 5 in Axes
  2752 | D:4      | Noticed a phantom
  2818 | D:4      | Killed a phantom
  2818 | D:4      | Reached XP level 6. HP: 54/56 MP: 5/5
  2945 | D:4      | Found a sand-covered staircase.
  2950 | Ossuary  | Entered an ossuary
  2950 | Ossuary  | Noticed a wraith
  2950 | Ossuary  | Noticed a wraith
  2950 | Ossuary  | Noticed a wraith
  2988 | Ossuary  | Noticed a wraith
  3002 | Ossuary  | Killed a wraith
  3002 | Ossuary  | Reached skill level 5 in Armour
  3002 | Ossuary  | Reached XP level 7. HP: 44/62 MP: 6/6
  3149 | Ossuary  | Reached *** piety under Trog
  3550 | D:4      | Found a runed translucent gate.
  3550 | D:4      | Found a runed translucent gate.
  3551 | D:4      | Found a runed translucent gate.
  3558 | D:4      | Reached skill level 6 in Axes
  3589 | D:4      | Noticed Jujuru's ghost (amateur MiFi)
  3997 | D:4      | Killed Jujuru's ghost
  3997 | D:4      | Reached skill level 7 in Axes
  4215 | D:4      | Found a runed translucent door.
  4216 | D:4      | Noticed Crazy Yiuf
  4359 | D:4      | Killed Crazy Yiuf
  4421 | D:5      | Entered Level 5 of the Dungeon
  4517 | D:5      | Found a staircase to the Ecumenical Temple.
  4545 | D:5      | Reached XP level 8. HP: 56/73 MP: 7/7
  4794 | D:5      | Found a sparkling altar of Nemelex Xobeh.
  4805 | D:5      | Reached skill level 8 in Axes
  5106 | D:5      | Noticed Pikel
  5113 | D:5      | Paralysed by Pikel for 7 turns
  5124 | D:5      | Killed Pikel
  5124 | D:5      | Reached skill level 9 in Axes
  5447 | D:5      | Found a burning altar of Makhleb.
  5523 | D:5      | Reached XP level 9. HP: 70/84 MP: 8/8
  5590 | D:5      | Found a shimmering blue altar of Sif Muna.
  5621 | D:5      | Found a hide-covered altar of Uskayaw.
  5762 | D:6      | Reached **** piety under Trog
  5842 | D:6      | Reached skill level 10 in Fighting
  5842 | D:6      | Reached skill level 10 in Axes
  6310 | D:6      | Got a shimmering war axe
  6311 | D:6      | Identified the +9 war axe of the Special Shrikes {freeze,
                  | *Corrode rN+ Dex+3 Stlth+} (You found it on level 6 of the
                  | Dungeon)
  7016 | D:7      | Reached skill level 10 in Armour
  7102 | D:7      | Reached XP level 10. HP: 41/94 MP: 9/9
  7329 | D:7      | Found a glowing golden altar of the Shining One.
  7477 | D:7      | Reached ***** piety under Trog
  7955 | D:8      | Found a radiant altar of Vehumet.
  8174 | D:8      | Noticed a two-headed hydra
  8530 | D:8      | Killed a one-headed hydra
  9124 | D:9      | Noticed a green ugly thing
  9131 | D:9      | Killed a green ugly thing
  9220 | D:9      | Received a gift from Trog
  9228 | D:9      | Got an iridescent battleaxe {god gift}
  9235 | D:9      | Identified the +11 battleaxe of Buemejev {antimagic, Dex+7}
                  | (Trog gifted it to you on level 9 of the Dungeon)
  9276 | D:9      | Reached XP level 11. HP: 89/111 MP: 3/10
  9491 | D:9      | Found a staircase to the Orcish Mines.
 10015 | D:9      | Found a stormy altar of Qazlal.
 10073 | D:10     | Entered Level 10 of the Dungeon
 10261 | D:10     | Noticed Urug
 10529 | D:10     | Noticed Snorg
 10544 | D:10     | Killed Snorg
 10552 | D:10     | Reached skill level 15 in Fighting
 10985 | D:10     | Reached skill level 11 in Axes
 11176 | D:10     | Found Veurhyku's Antique Armour Shop.
 11214 | D:10     | Killed Urug
 12143 | D:11     | Noticed a cyan ugly thing
 12149 | D:11     | Killed a cyan ugly thing
 12163 | D:11     | Noticed a two-headed ogre
 12180 | D:11     | Killed a two-headed ogre
 12180 | D:11     | Reached skill level 12 in Axes
 12644 | D:11     | Noticed a purple ugly thing
 12651 | D:11     | Killed a purple ugly thing
 12874 | D:11     | Found a staircase to the Lair.
 13016 | D:11     | Noticed a white ugly thing
 13025 | D:11     | Killed a white ugly thing
 13326 | D:12     | Found a snail-covered altar of Cheibriados.
 13368 | D:12     | Noticed a cyan ugly thing
 13376 | D:12     | Killed a cyan ugly thing
 13389 | D:12     | Noticed Erolcha
 13390 | D:12     | Noticed a two-headed ogre
 13391 | D:12     | Noticed an ogre mage
 13400 | D:12     | Reached XP level 12. HP: 113/119 MP: 11/11
 13402 | D:12     | Killed an ogre mage
 13402 | D:12     | Killed Erolcha
 13404 | D:12     | Killed a two-headed ogre
 13404 | D:12     | Reached skill level 13 in Axes
 13410 | D:12     | Found a frozen archway.
 13429 | IceCv    | Entered an ice cave
 13716 | IceCv    | Received a gift from Trog
 14663 | IceCv    | Noticed a frost giant
 14681 | IceCv    | Killed a frost giant
 14895 | IceCv    | Reached skill level 14 in Axes
 16052 | D:12     | Noticed a tengu warrior
 16062 | D:12     | Killed a tengu warrior
 16511 | D:12     | Reached skill level 15 in Armour
 16511 | D:12     | Reached XP level 13. HP: 126/126 MP: 4/12
 16982 | D:13     | Noticed Jorgrun
 16997 | D:13     | Killed Jorgrun
 16997 | D:13     | Reached skill level 15 in Axes
 17610 | D:13     | Reached skill level 16 in Axes
 18802 | D:14     | Reached skill level 5 in Dodging
 19082 | D:14     | Received a gift from Trog
 19085 | D:14     | Got an ichor-stained battleaxe {god gift}
 19086 | D:14     | Identified the +4 battleaxe of Forgiveness {vorpal, rF+
                  | Dex+2} (Trog gifted it to you on level 14 of the Dungeon)
 19339 | D:14     | Reached skill level 17 in Axes
 19736 | D:14     | Found a gate to the Vaults.
 19882 | D:14     | Reached XP level 14. HP: 37/135 MP: 4/13
 20209 | D:14     | Noticed Agnes
 20221 | D:14     | Slain by Agnes

Illustrated notes

Levels and vault maps discovered:
D:1:      arrival_zaba_pyramid, layout_loops_ring, chequers_mini_garden
D:2:      layout_rooms, lemuel_doored_altar
D:3:      layout_basic
D:4:      layout_gridville, gammafunk_ghost_necromancy,
          nicolae_ossuary_entry_plus, hex_large, minmay_misc_feat_rows,
          uniq_crazy_yiuf_cottage
D:5:      layout_gridville, kennysheep_mini_moat, led_sif_pool,
          nemelex_xobeh_ov_fountains_minmay, overflow_temple_1_default,
          minmay_temple_entry_enclosed_plants, first_ration, uniq_pikel
D:6:      minmay_thinvault, layout_cave_pools, serial_column_ruins,
          column_ruins_square_small, column_ruins_open_tiny,
          column_ruins_grid_1, column_ruins_open_large, column_ruins_grid_3,
          column_ruins_columns_corner, column_ruins_columns_straight,
          kennysheep_small_circle
D:7:      layout_gridville, lemuel_crystal_altar
D:8:      layout_basic, vehumet_statue, hangedman_ranch
          [blue_anna_fruit_fields], chequers_arboretum, lemuel_flamethrower_1
D:9:      layout_big_octagon, nicolae_qazlal_eye_of_the_storm, david_orc_4,
          grunt_ministairs_9, kennysheep_generic_room_15
D:10:     layout_stronghold, serial_shops, shop, uniq_urug, uniq_snorg
D:11:     layout_loops_ring, grunt_lair_entry_orc_guard_hut
D:12:     minmay_angry_zag, layout_loops_corners, basic_altar,
          portal_ice_cave_rime, uniq_erolcha
D:13:     layout_irregular_city, uniq_jorgrun
D:14:     layout_loops_cross, erik_vaults_1, nicolae_benzene_ring, uniq_agnes

Skill      XL: |  1  2  3  4  5  6  7  8  9 10 11 12 13 |
---------------+----------------------------------------+-----
Fighting       | 4 5 7 9 10 14 15 | 15.0
Axes           | 4 5 7 9 10 12 14 17 | 17.3
Armour         | 3 4 5 10 11 15 | 15.0
Dodging        | 3 4 7 |  7.8

Action                   |  1- 3 |  4- 6 |  7- 9 | 10-12 | 13-15 || total
-------------------------+-------+-------+-------+-------+-------++-------
Melee: Hand axe          |    68 |    87 |    98 |       |       ||   253
       Headbutt          |     9 |    12 |    63 |    99 |    48 ||   231
       War axe           |       |       |   172 |   300 |       ||   472
       Battleaxe         |       |       |       |   141 |   192 ||   333
       Falchion          |       |       |       |     4 |       ||     4
Throw: Stone             |       |     1 |       |       |       ||     1
       Dart              |       |       |       |       |     5 ||     5
Invok: Berserk           |     2 |     3 |     3 |     4 |     1 ||    13
       Brothers in Arms  |       |       |       |     2 |     3 ||     5
  Use: Scroll            |     1 |     5 |     6 |    13 |     2 ||    27
       Potion            |       |       |       |     1 |     7 ||     8
 Stab: Distracted        |       |       |       |     1 |     2 ||     3
  Eat: Chunk             |     4 |     7 |    10 |    16 |     1 ||    38
       Ration            |       |       |     2 |     6 |     4 ||    12
Armor: Animal skin       |    10 |       |       |       |       ||    10
       Chain mail        |       |    48 |    35 |   162 |   131 ||   376
       Scale mail        |       |       |   112 |    56 |       ||   168
       Skin              |       |       |       |    11 |       ||    11
       Ring mail         |       |       |       |       |     1 ||     1
Dodge: Dodged            |    43 |    36 |   139 |   246 |   139 ||   603
       Repelled          |       |       |       |       |    12 ||    12
Block: Buckler           |       |       |       |    10 |       ||    10
       Kite shield       |       |       |       |    61 |       ||    61
